 Dungeon Crawl Stone Soup version 0.26-a0-597-gb535b0901c (webtiles) character file.

Game seed: 11961028030913837603

(classic levelgen) 145310 EnegeticOcto the Severer (level 16, -5/150 HPs)
             Began as a Deep Dwarf Fighter on Aug 26, 2020.
             Was a High Priest of Makhleb.
             Slain by a sun demon (13 damage)
             ... led by a balrug
             ... on level 5 of the Abyss.
             The game lasted 00:15:13 (13173 turns).

EnegeticOcto the Severer (Deep Dwarf Fighter)      Turns: 13173, Time: 00:15:13

Health: -5/150     AC: 21    Str: 25    XL:     16   Next: 22%
Magic:  9/9        EV: 15    Int: 11    God:    Makhleb [*****.]
Gold:   1698       SH: 14    Dex: 14    Spells: 15/15 levels left

rFire    . . .     SeeInvis .   r - +3 broad axe of Doom {drain, Dex+4}
rCold    . . .     Faith    +   c - +0 kite shield
rNeg     + . .     Spirit   .   T - +1 plate armour {MR+}
rPois    +         Reflect  .   (no helmet)
rElec    .         Harm     .   J - +1 cloak {rPois}
rCorr    +         Rnd*Rage +   N - +2 pair of gloves
MR       +++..                  y - +2 pair of boots
Stlth    ..........             Q - amulet of faith
HPRegen  0.00/turn              G - ring of resist corrosion
MPRegen  0.11/turn              t - +4 ring of evasion

@: about to teleport, non-regenerating
A: damage resistance, heal wounds, berserk 1, clumsy 1, deformed body, negative
energy resistance 1, sense surroundings 2, subdued magic 2, no regeneration
}: 2/15 runes: barnacled, gossamer
a: Heal Wounds, Minor Destruction, Lesser Servant of Makhleb, Major Destruction,
Greater Servant of Makhleb, Renounce Religion


You were on level 5 of the Abyss.
You worshipped Makhleb.
Makhleb was extremely pleased with you.
You visited 5 branches of the dungeon, and saw 26 of its levels.
You visited the Abyss 1 time.
You also visited: Sewer, Ossuary and Ice Cave.

You collected 2094 gold pieces.
You spent 396 gold pieces at shops.

Inventory:

Hand Weapons
 a - a +2 broad axe of draining
 r - the +3 broad axe of Doom (weapon) {drain, Dex+4}
   (You acquired it on level 8 of the Dungeon)

   A truly terrible weapon, it drains the life of those it strikes.
   It affects your dexterity (+4).
 s - a +1 vampiric war axe
 M - a +0 short sword of distortion
Missiles
 L - 3 throwing nets (quivered)
Armour
 c - a +0 kite shield (worn)
 y - a +2 pair of boots (worn)
 D - a +1 chain mail of cold resistance
 J - a +1 cloak of poison resistance (worn)
 K - a +0 plate armour of fire resistance
 N - a +2 pair of gloves (worn)
 T - a +1 plate armour of magic resistance (worn)
Jewellery
 q - an uncursed ring of protection from fire
 t - a +4 ring of evasion (right hand)
 G - a ring of resist corrosion (left hand)
 Q - an amulet of faith (around neck)
Wands
 u - a wand of iceblast (26)
 v - a wand of disintegration (16)
 w - a wand of polymorph (9)
 C - a wand of flame (64) {@v4}
 I - a wand of acid (10) {@v1}
 U - a wand of digging (4) {@v3}
Scrolls
 e - 2 scrolls of identify {@r1}
 g - 10 scrolls of remove curse {@r2}
 i - a scroll of fear
 o - 5 scrolls of magic mapping {@r5}
 p - 7 scrolls of fog
 x - 7 scrolls of teleportation {@r3}
 F - a scroll of enchant weapon
 P - 2 scrolls of immolation {@r4}
 S - a scroll of summoning
Potions
 b - 5 potions of haste {@q4}
 d - 4 potions of might {@q3}
 f - 3 potions of ambrosia
 h - 12 potions of heal wounds {@q2}
 j - 6 potions of stabbing {@q5}
 k - 15 potions of curing {@q1}
 l - 3 potions of invisibility
 n - 2 potions of flight
 z - a potion of mutation
 A - 4 potions of lignification {@q7}
 B - 3 potions of cancellation
 E - a potion of berserk rage
 H - a potion of magic
 R - 2 potions of resistance {@q6}


   Skills:
 + Level 11.2 Fighting
 * Level 17.3 Axes
 + Level 13.0 Armour
 + Level 6.6 Dodging
 + Level 13.1 Shields
 + Level 14.2 Invocations
 + Level 8.0 Evocations


You had 15 spell levels left.
You didn't know any spells.
Your spell library was empty.

Dungeon Overview and Level Annotations

Branches:
Dungeon (11/15)            Temple (1/1) D:4            Lair (6/6) D:8
 Shoals (4/4) Lair:2       Spider (4/4) Lair:3        Slime (0/5) Lair:6
    Orc (0/2) D:10          Sewer (visited)         Ossuary (visited)
  IceCv (visited)

Altars:
Ashenzari
Cheibriados
Dithmenos
Elyvilon
Fedhas
Gozag
Makhleb
Nemelex Xobeh
Okawaru
Ru
Sif Muna
Trog
Uskayaw
Vehumet
Wu Jian
Xom
Yredelemnul
Zin
The Shining One
Beogh
Jiyva

Shops:
D:11 [!   Shoals:2 !

Annotations:
D:9 3 runed translucent doors, Graouh's ghost, novice MiFi
Lair:3 2 transporters, Siteim's ghost, journeyman MiAK
Lair:5 1 transporter, Guutt's ghost, journeyman DrGl
Shoals:3 Roxanne


Innate Abilities, Weirdness & Mutations

You are resistant to damage.
You can heal yourself by infusing magical energy.
You resist negative energy. (rN+)
You passively map the area around you.
You do not regenerate.
You tend to lose your temper in combat.
You are clumsy. (Dex -2)
Armour fits poorly on your strangely shaped body.
Your spells are easier to cast, but less powerful.


Message History

You block the tormentor's attack.
You slash the tormentor!
The tormentor is moderately wounded.
The tormentor calls on the powers of darkness!
Your body is wracked with pain!
You barely miss the tormentor.
The tormentor is moderately wounded.
You block the tormentor's attack. x2
You slice the tormentor!!
The tormentor is almost dead.
You slash the tormentor!
You kill the tormentor!
Makhleb accepts your kill.
You feel better.
Your magical contamination has completely faded away.
No target in view!
No target in view!
No target in view!
No target in view!
No target in view!
No target in view!
A red devil comes into view. It is wielding a +0 trident.
A red devil is nearby!
A red devil is nearby!
Your magical essence is drained by the effort!
You feel much better.
A red devil, a balrug and a sun demon come into view.
The balrug is wielding a +1 demon whip of electrocution.
The balrug shouts!
The sun demon shouts!
The sun demon barely misses you.
You barely miss the sun demon. The balrug gestures at you.
The fireball explodes!
The fireball engulfs the sun demon.
The sun demon completely resists.
The fireball engulfs you!!
A sun demon comes into view.
The sun demon closely misses you.
You hear a roar!
You hear a bark! x3
You slash the sun demon!
The sun demon is lightly wounded.
You block the red devil's attack.
A smoke demon comes into view.
You barely miss the sun demon.
The sun demon is lightly wounded.
The sun demon hits you!
You are engulfed in flames!
The balrug gestures at you.
The bolt of fire hits the sun demon.
The sun demon completely resists.
The bolt of fire hits you!!!
* * * LOW HITPOINT WARNING * * *
The red devil hits you but does no damage.
You are too injured to fight recklessly!
You are too injured to fight recklessly!
You are too injured to fight recklessly!
You are too injured to fight recklessly!
You are too injured to fight recklessly!
You are too injured to fight recklessly!
You are too injured to fight recklessly!
You are too injured to fight recklessly!
You are too injured to fight recklessly!
You are too injured to fight recklessly!
You are too injured to fight recklessly!
You are too injured to fight recklessly!
You are too injured to fight recklessly!
You are too injured to fight recklessly!
You are too injured to fight recklessly!
You are too injured to fight recklessly!
You are too injured to fight recklessly!
You feel much better.
The sun demon hits you but does no damage.
The red devil hits you from afar with a +0 trident!
* * * LOW HITPOINT WARNING * * *
You block the red devil's attack. The sun demon hits you!
* * * LOW HITPOINT WARNING * * *
You are engulfed in flames!
* * * LOW HITPOINT WARNING * * *
You feel much better. You block the red devil's attack.
The sun demon barely misses you.
You feel much better.
The red devil hits you but does no damage.
The balrug gestures at you. Something smites you!
A raiju comes into view.
The red devil hits you from afar with a +0 trident!
* * * LOW HITPOINT WARNING * * *
As you read the scroll of teleportation {@r3}, it crumbles to dust.
You feel strangely unstable.
You feel the power of the Abyss delaying your translocation!
The raiju barks!
The balrug gestures at you.
The fireball explodes!
The fireball engulfs you!
* * * LOW HITPOINT WARNING * * *
The fireball engulfs the sun demon.
The sun demon completely resists.
A wretched star comes into view.
The red devil closely misses you. The smoke demon gestures at you.
Something smites you!
* * * LOW HITPOINT WARNING * * *
The sun demon hits you!
* * * LOW HITPOINT WARNING * * *
You are engulfed in flames!
You die...

## ..#.#. #. #.. .#
#.####*.#.#.# .#..# .
# #....#...#.#..
.#...# ..
.....................
#. ...##..##..## .##
. ..
##.##..##..##..##..
###.#................
. #...............
.... # .#43@##
.##..##.. #. #..4#3#
. ##..## .# . ....#
#2.. .. .... .. . #..
......... .. . ..
.3##..##.. .. ...#
..# .. .#h. .. .#...
..


You could see a balrug, a wretched star (wandering), 2 sun demons, a smoke
demon, a raiju and 2 red devils.

Vanquished Creatures
  Polyphemus (Shoals:3)
  Donald (Shoals:1)
  Kirke (Shoals:2)
  An emperor scorpion (Spider:4)
  2 ghost moths
  An entropy weaver (Spider:4)
  A spark wasp (Spider:3)
  A merfolk javelineer (Shoals:4)
  7 merfolk impalers
  Josephine (Lair:5)
  A great orb of eyes (Abyss:5)
  3 hydras
  An alligator snapping turtle (Shoals:4)
  3 merfolk avatars
  2 catoblepae
  A merfolk aquamancer (Shoals:3)
  3 satyrs (Shoals:4)
  2 death yaks (Shoals:3)
  Sonja (Lair:2)
  6 sea snakes
  2 starcursed masses (Abyss:5)
  An unseen horror (D:11)
  Pikel (D:6)
  4 harpies (Shoals:4)
  10 wolf spiders
  A necromancer (IceCv)
  2 ugly things (D:11)
  11 fauns
  4 orb spiders
  13 elephants (Lair:6)
  A moth of wrath (Spider:4)
  8 manticores
  4 merfolk sirens
  3 cyclopes
  2 ice statues (IceCv)
  4 black mambas
  5 water nymphs
  Psyche (D:8)
  8 cane toads
  A rime drake (Lair:3)
  A kobold demonologist (D:11)
  2 komodo dragons
  A demonic crawler (Spider:3)
  A tormentor (Abyss:5)
  10 merfolk
  A polar bear (Lair:6)
  A troll (D:10)
  11 jumping spiders
  12 blink frogs
  A large abomination (Abyss:5)
  5 dream sheep
  2 hornets
  A slime creature (Lair:3)
  9 hippogriffs
  A meliai zombie (D:11)
  3 snapping turtles
  7 tarantellas
  19 redbacks
  2 wyverns
  9 water elementals
  37 yaks
  6 wraiths
  Grum (D:8)
  A neqoxec (Abyss:3)
  2 basilisks
  3 hogs (Shoals:2)
  A steam dragon (D:10)
  Duvessa (D:6)
  2 acid dragons (D:11)
  3 porcupines
  18 water moccasins
  An eye of draining (D:11)
  9 orc warriors
  11 ice beasts
  2 sky beasts (D:6)
  2 black bears
  7 ogres
  A phantom (D:11)
  6 wolves
  A necrophage (D:7)
  9 centaurs
  4 lemures (D:6)
  7 crocodiles
  2 elf zombies (Ossuary)
  Blork the orc (D:4)
  6 big kobolds
  11 bullfrogs
  Dowan (D:6)
  A water moccasin zombie (D:6)
  11 scorpions
  A wyvern skeleton (D:6)
  4 killer bees (D:11)
  6 wights
  3 howler monkeys
  3 centaur zombies
  3 orc priests
  5 hounds
  3 jellies
  5 bullfrog skeletons
  4 orc wizards
  A gnoll shaman (D:6)
  2 centaur skeletons
  2 hell rats (Lair:3)
  Natasha (thrice) (D:2)
  7 worker ants
  3 mummies (Ossuary)
  3 hound skeletons
  A worker ant zombie (D:5)
  14 adders
  5 gnolls (D:6)
  10 river rats (Sewer)
  3 shadow imps
  A white imp (D:9)
  2 ufetubi
  10 oozes (Lair:3)
  An adder skeleton (D:5)
  7 worms
  2 dart slugs
  7 leopard geckos
  60 orcs
  5 bats
  5 giant cockroaches
  8 goblins
  A hobgoblin (D:2)
  2 jackals (D:10)
  2 quokkas
  8 ball pythons
  6 frilled lizards
  3 goblin zombies (Ossuary)
  A hobgoblin zombie (Ossuary)
  37 kobolds
  5 kobold zombies (Ossuary)
  2 quokka skeletons (D:5)
  A quokka zombie (D:10)
  20 rats
  2 tentacles (Shoals:1)
682 creatures vanquished.

Vanquished Creatures (collateral kills)
  Nikola (Shoals:1)
  Arachne (Spider:4)
  A kraken (Shoals:1)
  2 emperor scorpions (Spider:4)
  2 ghost moths (Spider:4)
  2 spark wasps (Spider:4)
  A merfolk impaler (Shoals:4)
  2 merfolk javelineers
  A merfolk avatar (Shoals:2)
  2 hydras
  3 satyrs
  A sea snake (Shoals:3)
  10 wolf spiders (Spider:4)
  4 harpies
  9 fauns
  3 orb spiders (Spider:4)
  3 merfolk sirens (Shoals:4)
  2 manticores
  A moth of wrath (Spider:4)
  A cane toad (Lair:5)
  A komodo dragon (Lair:5)
  A demonic crawler (Spider:4)
  2 jumping spiders (Spider:4)
  4 merfolk
  4 hornets (Spider:4)
  A blink frog (Lair:5)
  A wind drake (Shoals:4)
  4 snapping turtles
  2 tarantellas (Spider:4)
  A water elemental (Shoals:4)
  5 redbacks (Spider:4)
  A basilisk (Lair:3)
  2 porcupines
  2 hell rats (Lair:3)
  A tentacle (Shoals:1)
84 creatures vanquished.

Vanquished Creatures (others)
  3 harpies (Shoals:1)
  A quasit (D:10)
  An orc wizard (D:8)
  40 fungi
  242 plants
  7 tentacles (Shoals:1)
294 creatures vanquished.

Grand Total: 1060 creatures vanquished

Notes
Turn   | Place    | Note
-------+----------+-------------------------------------------
     0 | D:1      | EnegeticOcto the Deep Dwarf Fighter began the quest for the
                  | Orb.
     0 | D:1      | Reached XP level 1. HP: 20/20 MP: 1/1
    49 | D:1      | Reached XP level 2. HP: 25/27 MP: 2/2
   144 | D:2      | Reached skill level 3 in Axes
   144 | D:2      | Reached XP level 3. HP: 27/34 MP: 3/3
   156 | D:2      | Noticed Natasha
   167 | D:2      | Killed Natasha
   167 | D:2      | Reached XP level 4. HP: 23/42 MP: 4/4
   224 | D:2      | Noticed Natasha
   235 | D:2      | Killed Natasha
   332 | D:2      | Noticed Natasha
   342 | D:2      | Killed Natasha
   342 | D:2      | Reached skill level 4 in Axes
   342 | D:2      | Reached XP level 5. HP: 49/49 MP: 4/4
   430 | D:3      | Found a glowing drain.
   439 | Sewer    | Entered a sewer
   668 | Sewer    | Reached XP level 6. HP: 52/57 MP: 5/5
   716 | Sewer    | Reached skill level 5 in Axes
  1053 | D:4      | Found a staircase to the Ecumenical Temple.
  1063 | Temple   | Entered the Ecumenical Temple
  1069 | Temple   | Became a worshipper of Makhleb the Destroyer
  1156 | D:4      | Reached skill level 1 in Invocations
  1160 | D:4      | Reached XP level 7. HP: 55/63 MP: 6/6
  1333 | D:4      | Reached skill level 5 in Shields
  1363 | D:4      | Noticed Blork the orc
  1369 | D:4      | Reached skill level 5 in Armour
  1379 | D:4      | Killed Blork the orc
  1549 | D:4      | Reached skill level 6 in Axes
  1565 | D:4      | Found a shattered altar of Ashenzari.
  1670 | D:5      | Entered Level 5 of the Dungeon
  1706 | D:5      | Found a snail-covered altar of Cheibriados.
  1830 | D:5      | Found a blossoming altar of Fedhas.
  1836 | D:5      | Found a shimmering blue altar of Sif Muna.
  1912 | D:5      | Reached * piety under Makhleb
  1912 | D:5      | Reached XP level 8. HP: 40/73 MP: 8/8
  2083 | D:5      | Reached skill level 7 in Axes
  2267 | D:6      | Reached skill level 5 in Fighting
  2401 | D:6      | Noticed Duvessa
  2403 | D:6      | Noticed Dowan
  2406 | D:6      | Reached skill level 8 in Axes
  2406 | D:6      | Gained mutation: You passively map the area around you.
                  | [Deep Dwarf growth]
  2406 | D:6      | Reached XP level 9. HP: 52/81 MP: 8/8
  2422 | D:6      | Killed Duvessa
  2422 | D:6      | Reached skill level 5 in Invocations
  2427 | D:6      | Killed Dowan
  2591 | D:6      | Reached ** piety under Makhleb
  2601 | D:6      | Noticed Pikel
  2635 | D:6      | Killed Pikel
  2635 | D:6      | Reached skill level 9 in Axes
  2660 | D:6      | Found a white marble altar of Elyvilon.
  2762 | D:6      | Identified the +1 leather armour of Trial and Error {Harm
                  | rCorr}
  3817 | D:8      | Noticed Grum
  3846 | D:8      | Killed Grum
  3855 | D:8      | Reached XP level 10. HP: 55/91 MP: 10/10
  3893 | D:8      | Found a sand-covered staircase.
  3909 | Ossuary  | Entered an ossuary
  3999 | Ossuary  | Reached *** piety under Makhleb
  4365 | D:8      | Noticed Psyche
  4378 | D:8      | Paralysed by Psyche for 4 turns
  4388 | D:8      | Paralysed by something for 4 turns
  4395 | D:8      | Killed Psyche
  4395 | D:8      | Reached skill level 10 in Axes
  4744 | D:8      | Found a staircase to the Lair.
  4920 | D:8      | Identified 2 scrolls of acquirement
  4920 | D:8      | Acquired a +1 broad axe of holy wrath
  4923 | D:8      | Acquired the +3 broad axe of Doom {drain, Dex+4}
  4980 | D:9      | Found a roughly hewn altar of Beogh.
  5168 | D:9      | Reached **** piety under Makhleb
  5284 | D:9      | Found a runed translucent gate.
  5285 | D:9      | Found a runed translucent gate.
  5291 | D:9      | Found a runed translucent gate.
  5291 | D:9      | Noticed Graouh's ghost (novice MiFi)
  5408 | D:9      | Found a glowing golden altar of the Shining One.
  5409 | D:9      | Found a sacrificial altar of Ru.
  5535 | D:10     | Entered Level 10 of the Dungeon
  5700 | D:10     | Reached skill level 11 in Axes
  5737 | D:10     | Reached XP level 11. HP: 77/100 MP: 13/13
  5803 | D:10     | Found a staircase to the Orcish Mines.
  6253 | D:11     | Noticed a brown ugly thing
  6261 | D:11     | Killed a brown ugly thing
  6312 | D:11     | Reached ***** piety under Makhleb
  6424 | D:11     | Found Ekledd's Distillery.
  6470 | D:11     | Killed an unseen horror
  6492 | D:11     | Noticed a green ugly thing
  6511 | D:11     | Killed a green ugly thing
  6511 | D:11     | Reached skill level 12 in Axes
  6533 | D:11     | Found Cheibriados's Comfort Zone.
  6538 | D:11     | Found a snail-covered altar of Cheibriados.
  6838 | D:11     | Found a basalt altar of Yredelemnul.
  7023 | Lair:1   | Entered Level 1 of the Lair of Beasts
  7294 | Lair:2   | Noticed Sonja
  7303 | Lair:2   | Reached XP level 12. HP: 110/110 MP: 15/15
  7310 | Lair:2   | Killed Sonja
  7324 | Lair:2   | Reached skill level 10 in Invocations
  7463 | Lair:2   | Reached ****** piety under Makhleb
  7483 | Lair:2   | Found a staircase to the Shoals.
  7586 | Lair:2   | Reached skill level 13 in Axes
  7638 | Lair:2   | Reached skill level 10 in Shields
  8116 | Lair:2   | Noticed an eight-headed hydra
  8132 | Lair:2   | Killed a 15-headed hydra
  8132 | Lair:2   | Reached skill level 10 in Armour
  8198 | Lair:3   | Found a transporter.
  8205 | Lair:3   | Noticed an eight-headed hydra
  8213 | Lair:3   | Noticed a five-headed hydra
  8226 | Lair:3   | Killed a 16-headed hydra
  8240 | Lair:3   | Killed an 18-headed hydra
  8260 | Lair:3   | Found a transporter.
  8260 | Lair:3   | Noticed Siteim's ghost (journeyman MiAK)
  8361 | Lair:3   | Found a hole to the Spider Nest.
  8630 | Lair:5   | Noticed an eight-headed hydra
  8638 | Lair:5   | Killed a nine-headed hydra
  8745 | Lair:5   | Noticed Josephine
  8753 | Lair:5   | Reached XP level 13. HP: 121/121 MP: 17/17
  8759 | Lair:5   | Killed Josephine
  8767 | Lair:5   | Reached skill level 14 in Axes
  8927 | Lair:5   | Found a transporter.
  8927 | Lair:5   | Noticed Guutt's ghost (journeyman DrGl)
  8956 | Lair:5   | Found a frozen archway.
  9006 | IceCv    | Entered an ice cave
  9196 | Lair:6   | Entered Level 6 of the Lair of Beasts
  9428 | Lair:6   | Found a staircase to the Slime Pits.
  9429 | Lair:6   | Found a viscous altar of Jiyva.
  9929 | Lair:4   | Reached skill level 15 in Axes
 10018 | Spider:1 | Entered Level 1 of the Spider Nest
 10183 | Spider:2 | Gained mutation: You resist negative energy. (rN+) [Deep
                  | Dwarf growth]
 10183 | Spider:2 | Reached XP level 14. HP: 106/130 MP: 19/19
 10225 | Spider:3 | Reached skill level 1 in Evocations
 10261 | Spider:3 | Killed a ghost moth
 10261 | Spider:3 | Reached skill level 1 in Dodging
 10474 | Spider:3 | Reached skill level 10 in Fighting
 10612 | Spider:4 | Entered Level 4 of the Spider Nest
 10637 | Spider:4 | Noticed Arachne
 10645 | Spider:4 | Killed a ghost moth
 10648 | Spider:4 | Killed Arachne
 10652 | Spider:4 | Noticed an emperor scorpion
 10673 | Spider:4 | Killed an emperor scorpion
 10684 | Spider:4 | Noticed an emperor scorpion
 10694 | Spider:4 | Killed an emperor scorpion
 10719 | Spider:4 | Noticed an entropy weaver
 10723 | Spider:4 | Noticed a cacodemon
 10730 | Spider:4 | Killed an entropy weaver
 10731 | Spider:4 | Noticed an emperor scorpion
 10741 | Spider:4 | Killed a ghost moth
 10752 | Spider:4 | Killed an emperor scorpion
 10752 | Spider:4 | Reached skill level 16 in Axes
 10774 | Spider:4 | Acquired 850 gold pieces
 10801 | Spider:4 | Killed a ghost moth
 10813 | Spider:4 | Got a gossamer rune of Zot
 11046 | Shoals:1 | Entered Level 1 of the Shoals
 11046 | Shoals:1 | Noticed Donald
 11072 | Shoals:1 | Killed Donald
 11072 | Shoals:1 | Reached skill level 5 in Evocations
 11090 | Shoals:1 | Noticed a kraken
 11141 | Shoals:1 | Reached XP level 15. HP: 134/140 MP: 17/17
 11163 | Shoals:1 | Noticed Nikola
 11164 | Shoals:1 | Killed a kraken
 11194 | Shoals:1 | Killed Nikola
 11684 | Shoals:2 | Found Zuschinwen's Distillery.
 11684 | Shoals:2 | Noticed Kirke
 11699 | Shoals:2 | Killed Kirke
 11705 | Shoals:2 | Reached skill level 5 in Dodging
 11725 | Shoals:2 | Bought a potion of heal wounds for 90 gold pieces
 11725 | Shoals:2 | Bought a potion of cancellation for 144 gold pieces
 11725 | Shoals:2 | Bought a potion of heal wounds for 90 gold pieces
 11725 | Shoals:2 | Bought a potion of might for 72 gold pieces
 11840 | Shoals:3 | Noticed Roxanne
 11933 | Shoals:3 | Noticed Polyphemus
 11982 | Shoals:3 | Killed Polyphemus
 12038 | Shoals:4 | Entered Level 4 of the Shoals
 12049 | Shoals:4 | Gained mutation: Your spells are a little easier to cast,
                  | but a little less powerful. [a cacodemon]
 12050 | Shoals:4 | Gained mutation: Your spells are easier to cast, but less
                  | powerful. [a cacodemon]
 12051 | Shoals:4 | Gained mutation: You are clumsy. (Dex -2) [a cacodemon]
 12400 | Shoals:4 | Reached skill level 17 in Axes
 12611 | Shoals:4 | Reached XP level 16. HP: 122/150 MP: 10/10
 12648 | Shoals:4 | Identified the +9 mace "Jelly's Doom" {venom, rC+ rN+ Str+3
                  | Int-2}
 12746 | Shoals:4 | Identified the +8 hunting sling of Purpose {vorpal, rF+
                  | rC+}
 12829 | Shoals:4 | Got a barnacled rune of Zot
 13048 | Lair:2   | Gained mutation: You tend to lose your temper in combat.
                  | [mutagenic glow]
 13059 | Lair:2   | Cast into level 3 of the Abyss (unwielding a weapon of
                  | distortion)
 13059 | Abyss:3  | Found a corrupted altar of Lugonu.
 13073 | Abyss:3  | Gained mutation: Armour fits poorly on your strangely
                  | shaped body. [mutagenic glow]
 13083 | Abyss:5  | Entered Level 5 of the Abyss
 13173 | Abyss:5  | Slain by a sun demon

Illustrated notes

Levels and vault maps discovered:
D:1:      kennysheep_arrival_forest, layout_rooms, minivault_26
D:2:      layout_rooms, mrwooster_statue_mirror, uniq_natasha
D:3:      layout_rooms, portal_sewer_entry_a, kennysheep_generic_room_6
D:4:      layout_cave_pools, temple_fountains, cheibrodos_ashenzari_chains,
          uniq_blork_the_orc
D:5:      layout_rooms, grunt_temple_overflow_open, lemuel_crystal_altar,
          minmay_misc_feat_plants
D:6:      layout_loops_ring, kennysheep_mini, minmay_manual_moon, uniq_duvessa,
          uniq_pikel
D:7:      layout_basic, st_stairs_12
D:8:      layout_loops_ring, david_lair_shrubbed, nicolae_ossuary_entry_ruins,
          uniq_grum, uniq_psyche
D:9:      layout_roguey, gammafunk_temple_overflow_pools, special_room
          [special_room_orc], gammafunk_ghost_necromancy, grunt_ministairs_5
D:10:     layout_long_grid, orc_0_dummy, kennysheep_generic_room_11
D:11:     layout_gridville, serial_shops, shop, minmay_shop_chei,
          minmay_ruined_shrine
Temple:   nicolae_temple_x_marks_the_god
Lair:1:   layout_regular_city, serial_bayou, serial_bayou_pond_b,
          serial_bayou_pond_b, serial_bayou_lake_a, serial_bayou_shore_b,
          serial_bayou_shore_b, serial_bayou_pond_d, minivault_26,
          nicolae_quartered_pool_super
Lair:2:   layout_concentric_octagons, minmay_shoals_entry_centaurs, uniq_sonja
Lair:3:   lemuel_slime, layout_misc_corridors, nicolae_spider_entry_non_spiders,
          gammafunk_ghost_hive
Lair:4:   layout_small_grid, kennysheep_snail_temple, minmay_lair_oklob_chamber,
          grunt_megastairs_1
Lair:5:   layout_regular_city, gammafunk_ghost_berserking_beasts,
          portal_ice_cave_entry_ice_beasts, uniq_josephine
Lair:6:   due_jungle_book, layout_misc_corridors, slime_altar_1
Shoals:1: layout_shoals, uniq_donald, uniq_nikola
Shoals:2: layout_shoals, serial_shops, shop_statue, nicolae_shop_waterfront,
          shop, shop, uniq_kirke
Shoals:3: layout_shoals, lightli_airlock, uniq_roxanne, uniq_polyphemus
Shoals:4: shoals_end_grunt_garden, layout_shoals,
          nicolae_shoals_arrival_archipelago
Spider:1: layout_spider_delve
Spider:2: layout_spider_delve
Spider:3: layout_chambers, gammafunk_ghost_cemetery, uniq_mara
Spider:4: johnstein_spider_rune_arachne_lair
Abyss:5:  base: D:1, evilmike_abyss_rune_siren_acolytes, bh_abyss_exit_spiral,
          hangedman_abyss_or_decor_passed, patterned_corridor, minivault_26,
          doesnt_abyss_rune_brain_food

Skill      XL: |  1  2  3  4  5  6  7  8  9 10 11 12 13 14 15 16 |
---------------+-------------------------------------------------+-----
Fighting       | 3 4 5 6 7 8 9 10 11 | 11.2
Axes           | 3 4 5 6 8 9 11 12 13 15 16 17 | 17.3
Shields        | 4 5 6 7 8 9 10 11 12 13 | 13.1
Armour         | 4 5 6 7 8 9 10 11 12 13 | 13.0
Invocations    | 1 3 4 6 8 9 11 12 13 14 | 14.2
Evocations     | 5 7 8 |  8.0
Dodging        | 4 6 |  6.6

Action                   |  1- 3 |  4- 6 |  7- 9 | 10-12 | 13-15 | 16-18 || total
-------------------------+-------+-------+-------+-------+-------+-------++-------
Melee: War axe           |    58 |   224 |   426 |   176 |       |       ||   884
       Broad axe         |       |       |       |   553 |  1015 |   159 ||  1727
Invok: Lesser Servant of |       |       |       |     4 |    21 |     1 ||    26
       Greater Servant o |       |       |       |       |    14 |       ||    14
 Abil: Heal Wounds       |       |     8 |    14 |    11 |    51 |     6 ||    90
Evoke: Wand              |       |       |       |     7 |       |       ||     7
  Use: Scroll            |       |       |    15 |    11 |    12 |     4 ||    42
       Potion            |       |       |       |       |     3 |       ||     3
 Stab: Invisible         |       |       |       |     2 |       |       ||     2
       Distracted        |       |       |       |     4 |    12 |     3 ||    19
       Petrified         |       |       |       |       |     4 |       ||     4
       Petrifying        |       |       |       |       |     4 |       ||     4
Armor: Scale mail        |    36 |    93 |       |       |       |       ||   129
       Chain mail        |       |    12 |   211 |   490 |    40 |       ||   753
       Plate armour      |       |       |       |       |   671 |    44 ||   715
Dodge: Dodged            |    22 |    86 |   198 |   438 |   549 |    44 ||  1337
Block: Kite shield       |    46 |   160 |   302 |   591 |   877 |    79 ||  2055

Table legend: (Time is in decaauts)
 A = Elapsed time spent in this place.
 B = Non-inter-level travel time spent in this place.
 C = Inter-level travel time spent in this place.
 D = Time resting spent in this place.
 E = Time spent auto-exploring this place.
 F = Levels seen in this place.
 G = Mean time per level.
                   A        B        C        D        E       F      G
               +--------+--------+--------+--------+--------+-----+--------+
         Total |  13349 |  12257 |   1092 |     72 |   7257 |  32 |  417.2 |
       Dungeon |   6272 |   5962 |    310 |      0 |   4059 |  11 |  570.2 |
        Temple |     12 |      7 |      5 |      0 |      0 |   1 |   12.0 |
          Lair |   2895 |   2553 |    342 |     26 |   1770 |   6 |  482.5 |
        Shoals |   1977 |   1715 |    262 |     46 |    568 |   4 |  494.2 |
   Spider Nest |    930 |    758 |    172 |      0 |    258 |   4 |  232.5 |
         Abyss |    101 |    101 |      0 |      0 |     28 |   3 |   33.7 |
         Sewer |    549 |    549 |      0 |      0 |    285 |   1 |  549.0 |
       Ossuary |    450 |    450 |      0 |      0 |    278 |   1 |  450.0 |
      Ice Cave |    159 |    159 |      0 |      0 |     10 |   1 |  159.0 |
               +--------+--------+--------+--------+--------+-----+--------+

Top non-repeatable levels by time:
  Lair:2: 973 daAuts
     D:7: 824 daAuts
     D:6: 787 daAuts
     D:8: 764 daAuts
    D:11: 753 daAuts
Shoals:4: 753 daAuts
  Lair:6: 692 daAuts
    D:10: 690 daAuts
Shoals:1: 677 daAuts
     D:4: 660 daAuts
     D:9: 626 daAuts
     D:5: 565 daAuts
   Sewer: 549 daAuts
Shoals:3: 487 daAuts
Spider:3: 485 daAuts
